 Dungeon Crawl Stone Soup version 0.21.0-30-g47ce8e4 (webtiles) character file.

639 pokedragonboy the Shield-Bearer (level 7, -2/56 HPs)
             Began as a Formicid Fighter on Jan 28, 2018.
             Slain by a killer bee (7 damage)
             ... on level 5 of the Dungeon.
             The game lasted 00:07:30 (3660 turns).

pokedragonboy the Shield-Bearer (Formicid Fighter)  Turns: 3660, Time: 00:07:30

Health: -2/56      AC: 11    Str: 23    XL:     7   Next: 80%
Magic:  7/7        EV:  7    Int: 12    God:
Gold:   135        SH: 10    Dex: 10    Spells: 6/6 levels left

rFire    + . .     SeeInvis +   a - +0 war axe
rCold    + . .     Gourm    .   c - +0 shield
rNeg     . . .     Faith    .   n - +0 chain mail
rPois    +         Spirit   .   (helmet unavailable)
rElec    +         Reflect  .   (no cloak)
rCorr    +         Harm     .   (no gloves)
MR       .....                  j - +0 pair of boots
Stlth    ..........             (no amulet)
HPRegen  0.18/turn              (no ring)
MPRegen  0.10/turn              (no ring)

@: brilliant, lethally poisoned (-2 -> -3), resistant
A: permanent stasis, dig shafts and tunnels, four strong arms, antennae 3
a: Dig, Shaft Self


You were on level 5 of the Dungeon.
You were not hungry.

You visited 2 branches of the dungeon, and saw 5 of its levels.

You collected 135 gold pieces.

Inventory:

Hand Weapons
 a - a +0 war axe (weapon)
Armour
 c - a +0 shield (worn)
 j - a +0 pair of boots (worn)
 n - a +0 chain mail (worn)
Wands
 i - a wand of digging (16)
 t - a wand of flame (23)
 x - a wand of polymorph (12)
Scrolls
 e - a scroll of enchant weapon {unknown}
 k - 2 scrolls of remove curse {unknown}
 l - a scroll of amnesia {unknown}
 m - 2 scrolls of identify
 p - a scroll of blinking {unknown}
 q - a scroll of magic mapping {unknown}
 r - a scroll of enchant armour {unknown}
 u - a scroll of fog {unknown}
Comestibles
 f - 3 rations


   Skills:
 + Level 5.0 Fighting
 * Level 5.3 Axes
 + Level 5.1 Armour
 + Level 5.5 Shields


You had 6 spell levels left.
You didn't know any spells.

Dungeon Overview and Level Annotations

Branches:
Dungeon (5/15)             Temple (1/1) D:5

Altars:
Ashenzari
Cheibriados
Kikubaaqudgha
Qazlal
Uskayaw
Vehumet
Xom
Yredelemnul
Zin


Innate Abilities, Weirdness & Mutations

You cannot be hasted, slowed, berserked, paralysed or teleported.
You can dig through walls and to a lower floor.
Your four strong arms can wield two-handed weapons with a shield.
You have a pair of large antennae on your head. (SInv)


Message History

You feel protected. You block the killer bee's attack.
The killer bee stings you but does no damage.
You closely miss the killer bee. The killer bee closely misses you.
The killer bee stings you but does no damage.
You block the killer bee's attack.
You hit the killer bee.
The killer bee is moderately wounded.
You feel sick.
The killer bee stings you but does no damage. x2
You completely miss the killer bee.
The killer bee is moderately wounded.
The killer bee stings you but does no damage.
The killer bee closely misses you.
The killer bee stings you but does no damage.
Unknown command.
You miss the killer bee.
The killer bee is moderately wounded.
The killer bee stings you!
You die...

###########
#.....y{#@#
#......#y##
#.....h###
#.$!...#
#......#
#......#
#..†...#
...##[.....#
.{.....>...#


You could see a killer bee.

Vanquished Creatures
  Sigmund (D:3)
  An ice beast (D:5)
  3 killer bees (D:5)
  A howler monkey (Temple)
  Jessica (D:3)
  Ijyb (D:3)
  4 gnolls (D:2)
  5 adders
  An ooze (D:2)
  An adder zombie (D:5)
  2 worms
  2 dart slugs
  3 leopard geckos (D:1)
  3 orcs (D:3)
  2 giant cockroaches
  5 goblins
  3 hobgoblins (D:2)
  7 jackals
  11 kobolds
  A quokka (D:2)
  A ball python (D:3)
  7 bats
  5 frilled lizards
  10 rats
81 creatures vanquished.

Notes
Turn   | Place    | Note
-------+----------+-------------------------------------------
     0 | D:1      | pokedragonboy the Formicid Fighter began the quest for the Orb.
     0 | D:1      | Reached XP level 1. HP: 18/18 MP: 1/1
   178 | D:1      | Reached XP level 2. HP: 24/24 MP: 2/2
   595 | D:1      | Reached XP level 3. HP: 29/29 MP: 3/3
   871 | D:2      | Reached XP level 4. HP: 25/37 MP: 4/4
  1535 | D:2      | Reached XP level 5. HP: 4/42 MP: 5/5
  2205 | D:3      | Noticed Sigmund
  2253 | D:3      | Killed Sigmund
  2253 | D:3      | Reached XP level 6. HP: 34/49 MP: 6/6
  2605 | D:3      | Noticed Ijyb
  2622 | D:3      | Killed Ijyb
  2622 | D:3      | Reached skill level 5 in Shields
  3001 | D:3      | Noticed Jessica
  3022 | D:3      | Killed Jessica
  3022 | D:3      | Reached XP level 7. HP: 55/55 MP: 7/7
  3099 | D:3      | You fall through a shaft for 2 floors!
  3099 | D:5      | Entered Level 5 of the Dungeon
  3099 | D:5      | Found a staircase to the Ecumenical Temple.
  3105 | Temple   | Entered the Ecumenical Temple
  3391 | D:5      | Reached skill level 5 in Axes
  3631 | D:5      | Reached skill level 5 in Fighting
  3631 | D:5      | Reached skill level 5 in Armour
  3660 | D:5      | Slain by a killer bee

Skill      XL: |  1  2  3  4  5  6  7 |
---------------+----------------------+-----
Shields        | 4 5 |  5.5
Axes           | 3 4 5 |  5.3
Armour         | 4 5 |  5.1
Fighting       | 4 5 |  5.0

Action                   |  1- 3 |  4- 6 |  7- 9 || total
-------------------------+-------+-------+-------++-------
Melee: War axe           |   101 |   159 |    69 ||   329
 Abil: Dig               |       |     2 |     2 ||     4
Evoke: Wand              |       |       |     1 ||     1
  Use: Scroll            |     1 |     1 |     2 ||     4
       Potion            |       |     2 |     6 ||     8
  Eat: Chunk             |       |     4 |       ||     4
       Ration            |       |     1 |     1 ||     2
Armor: Scale mail        |    12 |       |       ||    12
       Chain mail        |    34 |    82 |    57 ||   173
Dodge: Dodged            |    31 |    38 |    47 ||   116
Block: Shield            |    49 |    96 |    62 ||   207
